 Dungeon Crawl Stone Soup version 0.31.0-11-ge490571c62 (webtiles) character file.

Game seed: 8642460652115803840

50 browni3141 the Shield-Bearer (level 3, 0/33 HPs)
             Began as a Minotaur Fighter on Jan 27, 2024.
             Succumbed to a water moccasin's poison
             ... on level 4 of the Dungeon.
             The game lasted 00:00:25 (294 turns).

browni3141 the Shield-Bearer (Minotaur Fighter)      Turns: 294, Time: 00:00:26

Health: 0/33       AC:  7    Str: 22    XL:     3   Next: 55%
Magic:  2/2        EV:  9    Int:  5    God:
Gold:   30         SH:  4    Dex:  9    Spells: 2/2 levels left

rFire   . . .        a - +0 war axe
rCold   . . .        c - +0 buckler
rNeg    . . .        b - +0 scale mail
rPois   .            (helmet restricted)
rElec   .            (no cloak)
rCorr   .            (no gloves)
SInv    .            (no boots)
Will    .....        (no amulet) Stlth
                     (no ring)
HPRegen 0.25/turn    (no ring)
MPRegen 0.08/turn

%: no passive effects
@: lethally poisoned (0 -> -16)
A: horns 2, retaliatory headbutt
a: no special abilities


You were on level 4 of the Dungeon.
You visited 1 branch of the dungeon, and saw 4 of its levels.

You collected 30 gold pieces.

Inventory:

Hand Weapons
 a - a +0 war axe (weapon)
Armour
 b - a +0 scale mail (worn)
 c - a +0 buckler (worn)
Potions
 d - a potion of might
 e - a potion of resistance {unknown}


   Skills:
 + Level 4.1 Fighting
 * Level 3.6 Axes
 + Level 4.1 Armour
 + Level 4.1 Shields


You had 2 spell levels left.
You didn't know any spells.
Your spell library was empty.

Dungeon Overview and Level Annotations

Branches:
Dungeon (4/15)
 Temple: D:4-7

Altars:

Shops:
D:1 ?


Innate Abilities, Weirdness & Mutations

You have a pair of horns on your head.
You reflexively headbutt those who attack you in melee.


Message History

You hit the rat.
You kill the rat!
You hit the quokka.
You kill the quokka!
The bat closely misses you.
You have reached level 2!
You slash the bat!
You kill the bat!
No target in view!
No target in view!
Found a scale mail.
Found an escape hatch in the ceiling.
There is an escape hatch in the floor here.
You slide downwards.
The hatch slams shut behind you.
HP restored.
A jelly comes into view.
The jelly jiggles.
A jelly is nearby!
A jelly is nearby!
You slash the jelly! The acid corrodes you!
Your hands burn!
You headbutt the jelly!
The jelly is almost dead.
The jelly hits you but does no damage.
You hit the jelly.
You kill the jelly!
Your Fighting skill increases to level 4!
Your Axes skill increases to level 3!
Your Armour skill increases to level 4!
Your Shields skill increases to level 4!
You have reached level 3!
Your experience leads to an increase in your attributes!
Increase (S)trength, (I)ntelligence, or (D)exterity?
You feel stronger. x2
You are no longer corroded.
Found a stone staircase leading down.
A kobold comes into view. It is wielding a +0 short sword.
The kobold shouts!
You hear a shout! x2
A kobold is nearby!
The kobold hits you but does no damage.
A kobold comes into view. It is wielding a +0 short sword.
There are monsters nearby!
You closely miss the kobold.
The kobold shouts!
You headbutt the kobold, but do no damage.
The kobold barely misses you. The kobold hits you but does no damage.
You hit the kobold.
You kill the kobold!
A gnoll comes into view. It is wielding a +0 club.
The gnoll shouts!
You hear a shout!
You block the kobold's attack.
You slash the kobold!
You kill the kobold!
You hit the gnoll but do no damage. The gnoll hits you but does no damage.
You hit the gnoll.
The gnoll is heavily wounded.
The gnoll hits you with a +0 club.
You slash the gnoll!
You kill the gnoll!
No target in view!
No target in view!
A gnoll comes into view. It is wielding a +0 halberd.
There is a stone staircase leading down here.
You climb downwards.
You hear the hiss of flowing sand.
There is an entrance to an ossuary on this level.
Hurry and find it before the portal is buried!
The water moccasin hisses angrily.
There is a stone staircase leading up here.
You hit the water moccasin.
The water moccasin is lightly wounded.
The water moccasin bites you but does no damage.
You barely miss the water moccasin.
The water moccasin is lightly wounded.
You block the water moccasin's attack.
The water moccasin bites you but does no damage.
You completely miss the water moccasin.
The water moccasin is lightly wounded.
The water moccasin barely misses you. The water moccasin bites you.
You closely miss the water moccasin.
The water moccasin is lightly wounded.
The water moccasin bites you!
The water moccasin bites you but does no damage.
You closely miss the water moccasin.
The water moccasin is lightly wounded.
The water moccasin bites you.
You are poisoned.
The water moccasin poisons you! The water moccasin bites you.
A scorpion comes into view.
You hit the water moccasin but do no damage.
Your headbutt misses the water moccasin.
The water moccasin is lightly wounded.
You feel very sick. The water moccasin bites you.
You are lethally poisoned!
The water moccasin poisons you! The water moccasin closely misses you.
You miss the water moccasin.
The water moccasin is lightly wounded.
You feel very sick.
The water moccasin bites you but does no damage.
You block the water moccasin's attack.
You hit the water moccasin.
The water moccasin is moderately wounded.
You die...

...... .#
.(....# .####
....... .#..
....... ..)#
#..... ...#
#.... s..
.###..S#.#
.......@.#
####....=......
#.........##
#.#####.### ...
.# ..# # ##. #


You could see a water moccasin and a scorpion.

Vanquished Creatures
  A jelly (D:3)
  A gnoll (D:3)
  A ball python (D:2)
  An endoplasm (D:1)
  A hobgoblin (D:1)
  2 quokkas
  2 bats
  3 kobolds
  A rat (D:2)
13 creatures vanquished.

Notes
Turn   | Place    | Note
-------+----------+-------------------------------------------
     0 | D:1      | browni3141 the Minotaur Fighter began the quest for the
                  | Orb.
     0 | D:1      | Reached XP level 1. HP: 19/19 MP: 0/0
     5 | D:1      | Found Refega's Magic Scroll Boutique.
   210 | D:1      | You fall into a shaft and drop 1 floor!
   223 | D:2      | Reached XP level 2. HP: 24/27 MP: 1/1
   243 | D:3      | Reached XP level 3. HP: 30/33 MP: 2/2
   286 | D:4      | Noticed a water moccasin
   291 | D:4      | Noticed a scorpion
   294 | D:4      | Succumbed to a water moccasin's poison

Illustrated notes

Levels and vault maps discovered:
D:1:      erik_arrival_blinker_ship, layout_basic, serial_shops,
          nicolae_shop_hallway_stairs, corexii_item_surrounded_by_moat
D:2:      cheibrodos_greedy_goblins, layout_rooms, basic_altar, minivault_24
D:3:      layout_loops_ring, serial_shops, nicolae_shop_window_shopping,
          dk_noncrumbling_4
D:4:      layout_loops_ring, lemuel_coloured_pillars_altar, enter_ossuary_5,
          nicolae_half_adder

Skill      XL: |  1  2 |
---------------+-------+-----
Fighting       | 4 |  4.1
Axes           | 3 |  3.6
Armour         | 4 |  4.1
Shields        | 4 |  4.1

Action                     || total
---------------------------++-------
  Melee: War axe           ||    35
         Headbutt          ||     4
 Armour: Scale mail        ||    33
  Dodge: Dodged            ||    11
  Block: Buckler           ||     9
